 Dungeon Crawl Stone Soup version 0.30.1-11-g7821555f0a (webtiles) character file.

Game seed: 1114288293299602003

135 Groucho the Digger (level 4, -8/25 HPs)
             Began as a Deep Elf Earth Elementalist on Dec 31, 2023.
             Mangled by an ogre
             ... wielding a +0 giant club
              (33 damage)
             ... on level 4 of the Dungeon.
             The game lasted 00:09:04 (6093 turns).

Groucho the Digger (Deep Elf Earth Elementalist)    Turns: 6093, Time: 00:09:04

Health: -8/25      AC:  3    Str:  5    XL:     4   Next: 97%
Magic:  10/10      EV: 13    Int: 22    God:
Gold:   122        SH:  0    Dex: 15    Spells: 5/9 levels left

rFire   + . .        c - +0 dagger
rCold   + . .        (no shield)
rNeg    . . .        a - +0 robe
rPois   +            (no helmet)
rElec   +            (no cloak)
rCorr   +            y - +0 pair of gloves
SInv    +            (no boots)
Will    .....        h - amulet of magic regeneration
Stlth   ++           e - ring of see invisible
HPRegen 0.24/turn    (no ring)
MPRegen 0.52/turn

%: no passive effects
@: resistant
A: no striking features
a: no special abilities


You were on level 4 of the Dungeon.
You visited 1 branch of the dungeon, and saw 4 of its levels.

You collected 122 gold pieces.

Inventory:

Hand Weapons
 c - a +0 dagger (weapon)
 x - a +1 short sword of electrocution
Armour
 a - a +0 robe (worn)
 y - a +0 pair of gloves (worn)
Magical Staves
 u - a staff of fire
Jewellery
 e - a ring of see invisible (left hand)
 g - an amulet of the acrobat
 h - an amulet of magic regeneration (around neck)
Wands
 p - a wand of flame (31)
 z - a wand of charming (6)
Scrolls
 f - a scroll of magic mapping
 i - 2 scrolls of fear
 n - a scroll of poison {unknown}
 o - a scroll of amnesia {unknown}
 q - a scroll of fog {unknown}
 r - a scroll of immolation {unknown}
 t - a scroll of enchant armour {unknown}
 v - a scroll of teleportation {unknown}
 w - a scroll of identify
Potions
 b - a potion of magic
 d - 7 potions of curing
 j - a potion of resistance
 k - a potion of heal wounds {unknown}
 l - a potion of haste {unknown}
 m - a potion of attraction {unknown}
 s - a potion of mutation {unknown}


   Skills:
 - Level 1.0 Fighting
 - Level 3.0 Dodging
 - Level 3.0 Stealth
 - Level 3.0 Spellcasting
 + Level 1.5 Conjurations
 - Level 2.0 Transmutations
 - Level 5.0 Earth Magic


You had 5 spell levels left.
You knew the following spells:

 Your Spells              Type           Power      Damage    Failure   Level
a - Sandblast             Erth           50%        2d12      1%          1
b - Stone Arrow           Conj/Erth      34%        3d9       10%         3

Your spell library contained the following spells:

 Spells                   Type           Power      Damage    Failure   Level
 Passwall                 Tmut/Erth      15%        N/A       4%          2
 Petrify                  Tmut/Erth      18%        N/A       28%         4


Dungeon Overview and Level Annotations

Branches:
Dungeon (4/15)
 Temple: D:4-7

Altars:
Kikubaaqudgha
Ru


Message History

Found a pair of gloves.
Found a gold wand.
Found a stone staircase leading up.
You see here a +0 pair of gloves.
y - a +0 pair of gloves You start putting on your armour.
You continue putting on your +0 pair of gloves. x4
You finish putting on your +0 pair of gloves.
Unknown command.
Unknown command.
z - a wand of charming (6)
d - 7 potions of curing (gained 1)
You see here a +0 robe.
Done exploring.
Done exploring.
You see here a +0 robe.
There is a stone staircase leading down here.
You climb downwards.
You hear the sound of rushing water.
There is an entrance to a sewer on this level.
Hurry and find it before the portal rusts away!
You hear the hiss of flowing sand.
There is an entrance to an ossuary on this level.
Hurry and find it before the portal is buried!
There is a stone staircase leading up here.
Unknown command.
Unknown command.
Okay, then.
It was a potion of resistance.
You feel protected.
Unknown command.
Found an escape hatch in the ceiling.
You open the door.
An orc comes into view. It is wielding a +0 flail.
A black bear, an orc and an ogre come into view.
Found 3 gold pieces.
The orc shouts!
The ogre shouts!
You hear an angry hiss.
There is an open door here.
A kobold comes into view. It is wielding a +0 dagger.
There is a stone staircase leading up here.
The ogre hits you with a +0 giant club!!
Ouch! That really hurt!
You die...

.#.....#.#.#.##..
..#...##<#.#.##.#
#... #.#.#.##.#
#.. ..#....#.#
K... ######o#.#
...# ######o#.##
... #......h..#
#......O..#
#......@..#
#.........#
###########


You could see a black bear, an ogre and 2 orcs.

Vanquished Creatures
  Jessica (D:3)
  Robin (D:3)
  An adder (D:3)
  3 worms
  2 dart slugs
  7 orcs (D:3)
  An endoplasm (D:2)
  3 giant cockroaches
  15 goblins
  3 hobgoblins
  6 jackals
  9 kobolds
  2 quokkas (D:1)
  2 ball pythons (D:2)
  4 bats (D:3)
  2 frilled lizards
  3 rats
65 creatures vanquished.

Notes
Turn   | Place    | Note
-------+----------+-------------------------------------------
     0 | D:1      | Groucho the Deep Elf Earth Elementalist began the quest for
                  | the Orb.
     0 | D:1      | Reached XP level 1. HP: 10/10 MP: 6/6
   308 | D:1      | Reached skill level 1 in Fighting
   520 | D:1      | Reached XP level 2. HP: 16/16 MP: 6/8
  1375 | D:1      | Reached skill level 4 in Earth Magic
  2427 | D:2      | Reached XP level 3. HP: 20/20 MP: 4/9
  2496 | D:2      | Found a faded altar of an unknown god.
  3728 | D:3      | Noticed Robin
  3734 | D:3      | Reached XP level 4. HP: 22/25 MP: 7/10
  3746 | D:3      | Killed Robin
  4332 | D:3      | Found a sacrificial altar of Ru.
  4335 | D:3      | Found an ancient bone altar of Kikubaaqudgha.
  5116 | D:3      | Learned a level 3 spell: Stone Arrow
  5866 | D:3      | Reached skill level 5 in Earth Magic
  5878 | D:3      | Noticed Jessica
  5879 | D:3      | Killed Jessica
  5880 | D:3      | Reached skill level 1 in Conjurations
  6078 | D:4      | Noticed a black bear
  6078 | D:4      | Noticed an ogre
  6093 | D:4      | Mangled by an ogre

Illustrated notes

Levels and vault maps discovered:
D:1:      lightli_molten_gateway, layout_loops_cross, st_stairs_11,
          minmay_misc_feat_room
D:2:      layout_basic, chequers_ecumenical_altar_simple_redux
D:3:      layout_loops_ring, nicolae_overflow_squiral, uniq_robin, uniq_jessica
D:4:      layout_basic, enter_ossuary_2, portal_sewer_entry_f,
          serial_park_tiny_2

Skill      XL: |  1  2  3  4 |
---------------+-------------+-----
Fighting       | 1 |  1.0
Earth Magic    | 4 5 |  5.0
Dodging        | 3 |  3.0
Stealth        | 3 |  3.0
Transmutations | 2 |  2.0
Conjurations   | 1 |  1.5
Spellcasting   | |  3.0

Action                     |  1- 3 |  4- 6 || total
---------------------------+-------+-------++-------
  Melee: Dagger            |     1 |       ||     1
   Cast: Sandblast         |    56 |    34 ||    90
    Use: Scroll            |     4 |       ||     4
         Potion            |       |     2 ||     2
   Stab: Sleeping          |     1 |       ||     1
 Armour: Robe              |       |     1 ||     1
  Dodge: Dodged            |    14 |    13 ||    27
